 Dungeon Crawl Stone Soup version 0.20.1-1-g8b1a95d (webtiles) character file.

126 vatarom the Insei (level 4, 0/33 HPs)
             Began as a Demonspawn Transmuter on Sept 21, 2017.
             Was an Initiate of Cheibriados.
             Slain by an orc wizard
             ... wielding a +0 dagger
              (2 damage)
             ... on level 4 of the Dungeon.
             The game lasted 00:05:05 (3083 turns).

vatarom the Insei (Demonspawn Transmuter)           Turns: 3083, Time: 00:05:05

Health: 0/33       AC:  2    Str: 11    XL:     4   Next: 84%
Magic:  3/7        EV: 21    Int: 16    God:    Cheibriados [......]
Gold:   129        SH:  0    Dex: 20    Spells: 1/7 levels left

rFire    . . .     SeeInvis .     - Unarmed
rCold    . . .     Gourm    .   (shield currently unavailable)
rNeg     . . .     Faith    .   (armour currently unavailable)
rPois    x         Spirit   .   (helmet currently unavailable)
rElec    .         Reflect  .   (cloak currently unavailable)
rCorr    +         Harm     .   (gloves currently unavailable)
MR       .....                  (boots currently unavailable)
Stlth    ++........             (no amulet)
Regen    0.2/turn               l - ring of flight
MPRegen  0.1/turn               m - ring of resist corrosion

@: spider-form (expiring), very slow
A: demonic guardian 1
a: End Transformation, Bend Time, Renounce Religion, Evoke Flight


You were on level 4 of the Dungeon.
You worshipped Cheibriados.
Cheibriados was noncommittal.
You were hungry.
You were a venomous arachnid creature.
You visited 1 branch of the dungeon, and saw 4 of its levels.

You collected 129 gold pieces.

Inventory:

Missiles
 a - 42 arrows
Armour
 b - a +0 robe (melded)
Jewellery
 l - a ring of flight (left front leg)
 m - a ring of resist corrosion (right front leg)
Scrolls
 e - 2 scrolls of enchant weapon
 j - 3 scrolls of remove curse
 n - a scroll of teleportation
Books
 c - a book of Changes

   Spells                             Type                      Level
   a - Beastly Appendage              Transmutation                1
   b - Sticks to Snakes               Transmutation                2
   c - Spider Form                    Transmutation/Poison         3
   d - Ice Form                       Ice/Transmutation            4
   e - Blade Hands                    Transmutation                5
Comestibles
 d - a bread ration
 g - 2 meat rations
 h - 4 fruits
 i - 2 royal jellies


   Skills:
 + Level 1.9 Fighting
 + Level 2.9 Dodging
 * Level 3.7 Unarmed Combat
 - Level 2.0 Spellcasting
 + Level 2.5 Transmutations


You had one spell level left.
You knew the following spells:

 Your Spells              Type           Power        Failure   Level  Hunger
a - Beastly Appendage     Tmut           #.....       19%         1    #......
b - Sticks to Snakes      Tmut           #.......     26%         2    ###....
c - Spider Form           Tmut/Pois      #.........   58%         3    ###....


Dungeon Overview and Level Annotations

Branches:
Dungeon (4/15)
 Temple: D:4-7

Altars:
Cheibriados
Fedhas


Innate Abilities, Weirdness & Mutations

((You have a pair of small antennae on your head.))
A weak demonic guardian rushes to your aid.


Message History

The orc hits you from afar with a trident!
You bump into the rock wall.
Something hits you. The orc completely misses you.
The orc wizard mumbles some strange words.
The orc wizard blinks!
You bump into the rock wall.
Something hits you. The orc barely misses you.
You bump into the rock wall.
Something hits you. The orc closely misses you.
You bump into the rock wall.
Your shadow imp disappears in a puff of smoke!
You hear some strange, mumbled words.
Something tries to affect you, but you resist.
The orc hits you from afar with a trident.
* * * LOW HITPOINT WARNING * * *
You barely miss something.
Your transformation is almost over.
Something hits you.
* * * LOW HITPOINT WARNING * * *
You bump into the rock wall.
You feel less confused. Something hits you.
You die...

.#.. #.##.#
.#.###.##.#######
.......##..>....#
##'############.# #...##
#.# .....## # #.#
......# ##. #># .
.......####...#.####....
.......+.......5s)oo....
.......####...#.###.###.
......## ##..#.# .....##
#. ..# #...## #.....
#+## #.#### #. #


You could see an orc wizard, an orc and a friendly quasit.

Vanquished Creatures
  Jessica (D:2)
  An adder (D:2)
  3 worms
  3 dart slugs
  3 orcs
  6 bats
  4 giant cockroaches
  7 goblins
  5 hobgoblins
  A quokka (D:4)
  2 ball pythons
  6 frilled lizards
  8 kobolds
  9 rats
59 creatures vanquished.

Vanquished Creatures (collateral kills)
  An orc wizard (D:4)
1 creature vanquished.

Grand Total: 60 creatures vanquished

Notes
Turn   | Place    | Note
-------+----------+-------------------------------------------
     0 | D:1      | vatarom the Demonspawn Transmuter began the quest for the Orb.
     0 | D:1      | Reached XP level 1. HP: 15/15 MP: 3/3
   336 | D:1      | Gained mutation: You have a pair of small antennae on your head. [demonic ancestry]
   336 | D:1      | Reached XP level 2. HP: 12/21 MP: 5/5
  1077 | D:2      | Reached skill level 3 in Unarmed Combat
  1136 | D:2      | Noticed Jessica
  1148 | D:2      | Killed Jessica
  1148 | D:2      | Reached XP level 3. HP: 14/26 MP: 4/6
  1160 | D:2      | Learned a level 2 spell: Sticks to Snakes
  1164 | D:2      | Learned a level 3 spell: Spider Form
  1323 | D:2      | Found a blossoming altar of Fedhas.
  1766 | D:2      | Gained mutation: A weak demonic guardian rushes to your aid. [demonic ancestry]
  1766 | D:2      | Reached XP level 4. HP: 32/32 MP: 7/7
  1968 | D:2      | Found a snail-covered altar of Cheibriados.
  1979 | D:2      | Became a worshipper of Cheibriados the Contemplative
  3083 | D:4      | Slain by an orc wizard

Skill      XL: |  1  2 |
---------------+-------+-----
Transmutations | 2 |  2.5
Dodging        | 2 |  2.9
Unarmed Combat | 3 |  3.7
Fighting       | |  1.9
Spellcasting   | |  2.0

Action                   |  1- 3 |  4- 6 || total
-------------------------+-------+-------++-------
Melee: Unarmed           |   115 |   115 ||   230
       Headbutt          |     3 |       ||     3
       Kick              |    11 |     6 ||    17
 Cast: Beastly Appendage |    14 |     8 ||    22
       Spider Form       |     1 |     3 ||     4
  Use: Scroll            |     4 |     1 ||     5
       Potion            |       |     3 ||     3
 Stab: Sleeping          |       |     1 ||     1
  Eat: Chunk             |     3 |     1 ||     4
       Bread ration      |       |     1 ||     1
Armor: Robe              |    24 |    20 ||    44
Dodge: Dodged            |    70 |    61 ||   131
